 Dungeon Crawl Stone Soup version 0.21.0-3-g78d12a8bdd (webtiles) character file.

99 BritishOli the Covered (level 4, -5/35 HPs)
             Began as a Demonspawn Fighter on Jan 15, 2018.
             Slain by a worm (7 damage)
             ... on level 2 of the Dungeon.
             The game lasted 00:05:38 (1181 turns).

BritishOli the Covered (Demonspawn Fighter)         Turns: 1181, Time: 00:05:39

Health: -5/35      AC:  9    Str: 18    XL:     4   Next: 45%
Magic:  0/4        EV:  9    Int:  9    God:
Gold:   76         SH:  0    Dex: 12    Spells: 3/3 levels left

rFire    . . .     SeeInvis .   a - +0 long sword
rCold    . . .     Gourm    .   (no shield)
rNeg     . . .     Faith    .   b - +0 scale mail
rPois    .         Spirit   +   (no helmet)
rElec    .         Reflect  .   (no cloak)
rCorr    .         Harm     .   (no gloves)
MR       .....                  (no boots)
Stlth    ..........             (no amulet)
HPRegen  0.11/turn              (no ring)
MPRegen  0.09/turn              (no ring)

@: no status effects
A: molten scales 1, magic shield, rot immunity
a: no special abilities


You were on level 2 of the Dungeon.
You were very hungry.

You visited 1 branch of the dungeon, and saw 2 of its levels.

You collected 76 gold pieces.

Inventory:

Hand Weapons
 a - a +0 long sword (weapon)
Armour
 b - a +0 scale mail (worn)
 c - a +0 shield
Scrolls
 g - 2 scrolls of enchant weapon {unknown}
 h - a scroll of immolation {unknown}
 i - 3 scrolls of teleportation {unknown}
 j - 2 scrolls of identify {unknown}
 m - a scroll of random uselessness {unknown}
Potions
 d - a potion of might
 e - a potion of mutation {unknown}
 k - a potion of flight {unknown}
 l - a potion of heal wounds {unknown}
Comestibles
 f - 4 rations


   Skills:
 - Level 3.0 Fighting
 + Level 3.3 Long Blades
 + Level 3.9 Armour
 - Level 2.6 Shields


You had 3 spell levels left.
You didn't know any spells.

Dungeon Overview and Level Annotations

Branches:
Dungeon (2/15)

Altars:


Innate Abilities, Weirdness & Mutations

You are partially covered in molten scales. (AC +2)
When hurt, damage is shared between your health and your magic reserves.
You are immune to rotting.


Message History

The frilled lizard barely misses you. The worm bites you.
The frilled lizard closely misses you.
The frilled lizard bites you but does no damage.
The worm bites you.
* * * LOW HITPOINT WARNING * * *
The frilled lizard bites you but does no damage.
The frilled lizard bites you but does no damage.
The worm bites you!
* * * LOW HITPOINT WARNING * * *
The frilled lizard bites you but does no damage.
The worm closely misses you.
The frilled lizard bites you but does no damage.
The frilled lizard closely misses you. The worm bites you but does no damage.
The frilled lizard closely misses you.
You riposte.
You closely miss the frilled lizard. The worm bites you but does no damage.
The frilled lizard bites you but does no damage.
The frilled lizard closely misses you. The worm bites you!
You die...

#.........
#......... .#?
.......... #...
#.........
.#....
#.........
..#.....
#........$
#####..#
....##.........
........
#...@l......
.##...
.####....w......
#...
........##.#####
#.#####
#######)# .#
(.(...# ###.# #
#.###.# #...#
..# #.## ###.###
### #..####...#
##..>#..###


You could see a worm and a frilled lizard.

Vanquished Creatures
  Terence (D:2)
  3 adders (D:2)
  An ooze (D:1)
  A dart slug (D:1)
  A leopard gecko (D:1)
  3 giant cockroaches
  3 hobgoblins
  2 jackals (D:1)
  5 kobolds
  2 quokkas (D:2)
  4 bats
  3 frilled lizards
  5 goblins
  5 rats (D:2)
39 creatures vanquished.

Notes
Turn   | Place    | Note
-------+----------+-------------------------------------------
     0 | D:1      | BritishOli the Demonspawn Fighter began the quest for the Orb.
     0 | D:1      | Reached XP level 1. HP: 18/18 MP: 1/1
    64 | D:1      | Gained mutation: When hurt, damage is shared between your health and your magic reserves. [demonic ancestry]
    64 | D:1      | Reached XP level 2. HP: 20/24 MP: 2/2
   388 | D:1      | Gained mutation: You are partially covered in molten scales. (AC +2) [demonic ancestry]
   388 | D:1      | Reached XP level 3. HP: 29/29 MP: 3/3
   841 | D:2      | Gained mutation: You are immune to rotting. [demonic ancestry]
   841 | D:2      | Reached XP level 4. HP: 20/35 MP: 4/4
  1125 | D:2      | Noticed Terence
  1141 | D:2      | Killed Terence
  1174 | D:2      | HP: 1/35 [worm (6)]
  1181 | D:2      | Slain by a worm

Skill      XL: |  1  2  3 |
---------------+----------+-----
Long Blades    | 2 3 |  3.3
Armour         | 3 |  3.9
Fighting       | |  3.0
Shields        | |  2.6

Action                   |  1- 3 |  4- 6 || total
-------------------------+-------+-------++-------
Melee: Long sword        |    93 |    21 ||   114
Armor: Scale mail        |    46 |    24 ||    70
Dodge: Dodged            |    46 |    31 ||    77
       Rpst.: Long sword |    13 |     7 ||    20
